 Dungeon Crawl Stone Soup version 0.18.1-1-g2f07953 (webtiles) character file.

25069 Danakh the Severer (level 12, -26/112 HPs)
             Began as a Minotaur Fighter on May 15, 2016.
             Was an Elder of Ru.
             Annihilated by a tentacled starspawn (28 damage)
             ... on level 2 of the Abyss.
             The game lasted 00:36:53 (9039 turns).

Danakh the Severer (Minotaur Fighter)               Turns: 9039, Time: 00:36:53

Health: -26/112    AC: 20    Str: 29    XL:     12   Next: 86%
Magic:  11/11      EV:  7    Int:  3    God:    Ru [****..]
Gold:   1036       SH: 15    Dex: 10    Spells: 0 memorised, 11 levels left

rFire  + . .     SeeInvis .     q - +2 flail (protect)
rCold  . . .     Gourm    .     k - +0 plate armour
rNeg   . . .     Faith    .     L - +2 shield
rPois  +         Spirit   .     (helmet restricted)
rElec  .         Dismiss  .     (no cloak)
rCorr  .         Reflect  .     (no gloves)
SustAt .         Harm     .     (no boots)
MR     .....                    r - amulet of regeneration
Stlth  ..........               c - +3 ring of strength
                                I - ring of poison resistance

@: exhausted, no potions, drained, not resistant to hostile enchantments,
extremely unstealthy
A: retaliatory headbutt, horns 2, dopey 1, fire resistance 1, screaming 1, wild
magic 2, inability to drink while threatened, no stealth, hated by all, no air
magic, no charms magic, no transmutations magic, MP-powered wands
a: Draw Out Power, Power Leap, Renounce Religion


You were on level 2 of the Abyss.
You worshipped Ru.
Ru was greatly pleased with you.
You were hungry.

You visited 2 branches of the dungeon, and saw 14 of its levels.
You visited the Abyss 1 time.

You collected 1036 gold pieces.

Inventory:

Hand Weapons
 q - a +2 flail of protection (weapon)
 U - the +8 hand axe "Woufra" {chop, rF+ MR+ Str+4 Stlth+}
   (You found it on level 10 of the Dungeon)

   It inflicts extra damage upon your enemies.
   It affects your strength (+4).
   It protects you from fire.
   It affects your resistance to hostile enchantments.
   It makes you more stealthy.
Armour
 k - a +0 plate armour (worn)
 L - a +2 shield (worn)
Jewellery
 c - a +3 ring of strength (right hand)
 g - an uncursed ring of positive energy {unknown}
 r - an amulet of regeneration (around neck)
 I - a ring of poison resistance (left hand)
Wands
 n - a wand of paralysis (10/24)
 t - a wand of polymorph (11/24)
 D - a wand of polymorph (10/24)
 M - a wand of iceblast (9/15)
 P - a wand of flame (6/48)
 R - a wand of paralysis (9/24)
 S - a wand of digging (17/24)
 T - a wand of digging (12/24)
Scrolls
 a - a scroll of amnesia {unknown}
 b - a scroll of fear {unknown}
 e - a scroll of magic mapping {unknown}
 i - a scroll of random uselessness {unknown}
 s - a scroll of identify {unknown}
Potions
 d - 3 potions of might
 h - 3 potions of degeneration {unknown}
 m - a potion of brilliance {unknown}
 p - 2 potions of heal wounds {unknown}
Books
 K - a book of Fire

   Spells                             Type                      Level
   a - Ignite Poison                  Fire/Transmutation/Poison    3
   b - Fireball                       Conjuration/Fire             5
   c - Bolt of Fire                   Conjuration/Fire             6
   d - Delayed Fireball               Conjuration/Fire             7
   e - Ring of Flames                 Charms/Fire                  7
Comestibles
 f - 9 bread rations
 j - 18 fruits
 l - 6 meat rations
 u - 5 royal jellies
 w - 6 beef jerkies
 A - 3 slices of pizza


   Skills:
 + Level 12.1(11.6) Fighting
 * Level 15.9(15.5) Axes
 + Level 12.0(11.6) Armour
 + Level 12.0(11.6) Shields


You had 11 spell levels left.
You didn't know any spells.

Dungeon Overview and Level Annotations

Branches:
Dungeon (13/15)            Temple (1/1) D:6            Lair (0/8) D:10
    Orc (0/2) D:11
 Vaults: D:13-14

Altars:
Ashenzari
Cheibriados
Dithmenos
Elyvilon
Fedhas
Gozag
Kikubaaqudgha
Makhleb
Nemelex Xobeh
Okawaru
Pakellas
Qazlal
Ru
Sif Muna
Trog
Vehumet
Xom
Yredelemnul
Zin
The Shining One
Beogh


Innate Abilities, Weirdness & Mutations

You reflexively headbutt those who attack you in melee.
You have a pair of horns on your head.
You cannot drink potions while threatened.
You cannot be stealthy.
You are hated by all.
You cannot study or cast Air magic.
You cannot study or cast Charms magic.
You cannot study or cast Transmutations magic.
You are dopey. (Int -2)
Your flesh is heat resistant.
You occasionally shout uncontrollably at your foes.
Your spells are harder to cast, but more powerful.
You expend magic power (3 MP) to strengthen your wands.


Message History

* * * LOW HITPOINT WARNING * * *
You block the large abomination's attack.
The tentacled starspawn begins to attack, but is stunned by your will!
You redirect something's attack!
Something hits the raiju.
You see here a raiju corpse.
Okay, then.
You hit the raiju but do no damage. Your headbutt misses the raiju.
The raiju begins to attack, but is stunned by your will!
You block the raiju's attack.
You hit the raiju but do no damage. Your headbutt misses the raiju.
The large abomination hits you!!
* * * LOW HITPOINT WARNING * * *
You block the raiju's attack.
All of the chunks of flesh in your inventory have rotted away.
Unknown command.
You miss the raiju.
You block the large abomination's attack.
The tentacled starspawn bites you!!
You die...

.#. +#+.#
.. ++#... #
. ## # . .#
.# # .. .
###. ### .
. #..
...#.##.. .
..#. ##.##.
.. .##.
(#.#.##.#3#
# ##.. #
..#.#.h##
── .#.§
.(..#.#@#
.... ##
#..hXX# .
.###.
##...h#.# #
##
#.#.#...# #
#...##.###
. ## .###
#. ..# ###
#


h You could see a tentacled starspawn, a large abomination, 3 raiju and a
ynoxinul.

Vanquished Creatures
  Kirke (D:12)
  Snorg (D:11)
  Erica (D:9)
  Nergalle (D:10)
  A skeletal warrior (D:9)
  3 unseen horrors
  5 hill giants
  2 ugly things
  A cyclops (D:13)
  2 deep elf magi
  A manticore (D:12)
  2 centaur zombies
  Joseph (D:10)
  A smoke demon (Abyss:2)
  2 gargoyles
  The ghost of plsesad the Digger, a novice GrEE (D:4)
  A troll (D:10)
  A raiju (Abyss:2)
  Prince Ribbit (D:8)
  A wraith (D:12)
  9 yaks
  2 shadows
  A human (D:12)
  4 hogs (D:12)
  2 hippogriffs
  Eustachio (D:6)
  3 hungry ghosts
  Grum (D:9)
  2 wargs (D:10)
  10 orc warriors
  5 ice beasts
  4 phantoms
  3 sky beasts
  3 black bears (D:7)
  3 ogres
  2 eyes of draining
  A necrophage (D:11)
  3 wolves (D:9)
  23 centaurs
  6 giant frogs
  A gnoll sergeant (D:5)
  A wyvern zombie (D:7)
  A water moccasin zombie (D:10)
  2 wyvern skeletons
  3 scorpions
  16 killer bees
  5 wights (D:11)
  6 howler monkeys
  2 spriggan skeletons (D:12)
  A wasp zombie (D:5)
  5 crimson imps
  A giant frog zombie (D:9)
  8 hounds
  A jelly (D:13)
  2 giant frog skeletons
  7 orc priests
  5 centaur skeletons
  9 orc wizards
  Jessica (D:2)
  3 iguanas
  7 worker ants
  2 hound skeletons
  A howler monkey zombie (D:6)
  3 worker ant zombies
  6 gnolls (D:5)
  14 adders
  A shadow imp (D:11)
  12 white imps (D:12)
  An ooze (D:2)
  2 adder skeletons
  An adder zombie (D:8)
  2 worms
  8 giant geckos
  77 orcs
  6 ball pythons
  3 bats
  9 giant cockroaches
  5 hobgoblins
  4 jackals
  5 quokkas
  A giant cockroach zombie (D:6)
  2 giant newts
  4 goblins
  2 jackal skeletons
  3 kobolds
  2 quokka skeletons
  A quokka zombie (D:7)
  4 rats
386 creatures vanquished.

Vanquished Creatures (others)
  A komodo dragon (D:13)
  2 orc warriors (D:6)
  An ogre (D:6)
  A giant frog (D:6)
  A howler monkey (D:6)
  An orc wizard (D:6)
  2 orcs
  A jackal (D:6)
  7 starspawn tentacles (Abyss:2)
  154 starspawn tentacle segments (Abyss:2)
171 creatures vanquished.

Grand Total: 557 creatures vanquished

Notes
Turn   | Place    | Note
--------------------------------------------------------------
     0 | D:1      | Danakh the Minotaur Fighter began the quest for the Orb.
     0 | D:1      | Reached XP level 1. HP: 19/19 MP: 0/0
   358 | D:1      | Reached XP level 2. HP: 27/27 MP: 1/1
   589 | D:2      | Reached skill level 3 in Axes
   673 | D:2      | Found a burning altar of Makhleb.
   754 | D:2      | Reached XP level 3. HP: 32/33 MP: 2/2
   950 | D:2      | Noticed Jessica
   954 | D:2      | Killed Jessica
   954 | D:2      | Reached skill level 4 in Axes
   954 | D:2      | Reached XP level 4. HP: 36/40 MP: 3/3
  1016 | D:2      | Found a glowing golden altar of the Shining One.
  1017 | D:2      | Found an iron altar of Okawaru.
  1020 | D:2      | Found a basalt altar of Yredelemnul.
  1021 | D:2      | Found a stormy altar of Qazlal.
  1194 | D:3      | Reached XP level 5. HP: 47/47 MP: 4/4
  1494 | D:3      | Found a sparkling altar of Nemelex Xobeh.
  1874 | D:4      | Reached skill level 5 in Axes
  1878 | D:4      | Noticed plsesad's ghost (novice GrEE)
  1890 | D:4      | Killed plsesad's ghost
  1890 | D:4      | Reached skill level 5 in Fighting
  1890 | D:4      | Reached skill level 5 in Shields
  1890 | D:4      | Reached XP level 6. HP: 56/56 MP: 5/5
  1947 | D:4      | Reached skill level 6 in Axes
  1947 | D:4      | Reached skill level 5 in Armour
  1947 | D:4      | Reached XP level 7. HP: 61/61 MP: 6/6
  2345 | D:4      | Reached skill level 7 in Axes
  2609 | D:5      | Entered Level 5 of the Dungeon
  2663 | D:5      | Reached XP level 8. HP: 67/70 MP: 7/7
  2685 | D:5      | Found a sacrificial altar of Ru.
  2690 | D:5      | Became a worshipper of Ru the Awakened
  3029 | D:5      | Reached skill level 8 in Axes
  3277 | D:6      | Noticed Eustachio
  3288 | D:6      | Killed Eustachio
  3288 | D:6      | Reached skill level 9 in Axes
  3314 | D:6      | Found a snail-covered altar of Cheibriados.
  3414 | D:6      | Reached XP level 9. HP: 78/79 MP: 8/8
  3493 | D:6      | Found a shimmering altar of Xom.
  3579 | D:6      | Gained mutation: You are hated by all. [Ru sacrifice]
  3579 | D:6      | Reached * piety under Ru
  3727 | D:6      | Found a staircase to the Ecumenical Temple.
  3736 | Temple   | Entered the Ecumenical Temple
  3994 | D:7      | Reached skill level 10 in Axes
  4016 | D:7      | Found a shattered altar of Ashenzari.
  4138 | D:7      | Found a bloodstained altar of Trog.
  4274 | D:7      | Gained mutation: Your spells are a little harder to cast, but a little more powerful. [mutagenic meat]
  4275 | D:7      | Gained mutation: You occasionally shout uncontrollably at your foes. [mutagenic meat]
  4276 | D:7      | Gained mutation: Your spells are harder to cast, but more powerful. [mutagenic meat]
  4889 | D:8      | Gained mutation: You cannot study or cast Air magic. [Ru sacrifice]
  4889 | D:8      | Gained mutation: You cannot study or cast Transmutations magic. [Ru sacrifice]
  4889 | D:8      | Gained mutation: You cannot study or cast Charms magic. [Ru sacrifice]
  4889 | D:8      | Reached ** piety under Ru
  4959 | D:8      | Reached skill level 11 in Axes
  5042 | D:8      | Noticed Prince Ribbit
  5179 | D:9      | Reached XP level 10. HP: 72/90 MP: 9/9
  5203 | D:9      | Noticed Erica
  5290 | D:9      | Killed Erica
  5335 | D:8      | Killed Prince Ribbit
  5432 | D:9      | Reached skill level 12 in Axes
  5542 | D:9      | Found a roughly hewn altar of Beogh.
  5579 | D:9      | HP: 2/91 [orc warrior/enchanted glaive (20)]
  5947 | D:9      | Noticed Grum
  5961 | D:9      | Killed Grum
  6064 | D:9      | Found a radiant altar of Vehumet.
  6068 | D:9      | Found a blossoming altar of Fedhas.
  6073 | D:9      | Found a shadowy altar of Dithmenos.
  6156 | D:10     | Entered Level 10 of the Dungeon
  6164 | D:10     | Reached XP level 11. HP: 91/99 MP: 10/10
  6198 | D:10     | Noticed a hill giant
  6206 | D:10     | Killed a hill giant
  6206 | D:10     | Reached skill level 10 in Fighting
  6207 | D:10     | Reached skill level 10 in Shields
  6245 | D:10     | Found a staircase to the Lair.
  6246 | D:10     | Noticed Nergalle
  6257 | D:10     | Reached skill level 13 in Axes
  6303 | D:10     | Killed Nergalle
  6365 | D:10     | Found a burning altar of Makhleb.
  6366 | D:10     | Noticed Joseph
  6377 | D:10     | Killed Joseph
  6377 | D:10     | Reached skill level 10 in Armour
  6424 | D:10     | Gained mutation: You cannot drink potions while threatened. [Ru sacrifice]
  6424 | D:10     | Reached *** piety under Ru
  6443 | D:10     | Noticed a skeletal warrior
  6444 | D:10     | Noticed a skeletal warrior
  6445 | D:10     | Noticed a skeletal warrior
  6457 | D:10     | Noticed a skeletal warrior
  6458 | D:10     | Noticed a skeletal warrior
  6462 | D:10     | HP: 2/100 [skeletal warrior/trident[a skeletal warrior] (9)]
  6539 | D:9      | Killed a skeletal warrior
  6829 | D:10     | Noticed a deep elf mage
  6853 | D:10     | Killed a deep elf mage
  6886 | D:10     | Noticed an unseen horror
  6894 | D:10     | Killed an unseen horror
  6894 | D:10     | Reached skill level 14 in Axes
  7134 | D:10     | Got a smoking hand axe
  7135 | D:10     | Identified the +8 hand axe "Woufra" {chop, rF+ MR+ Str+4 Stlth+} (You found it on level 10 of the Dungeon)
  7259 | D:11     | Gained mutation: Your flesh is heat resistant. [mutagenic meat]
  7261 | D:11     | Gained mutation: You are dopey. (Int -2) [mutagenic meat]
  7262 | D:11     | Gained mutation: You expend magic power (3 MP) to strengthen your wands. [mutagenic meat]
  7328 | D:11     | Noticed a hill giant
  7336 | D:11     | Killed a hill giant
  7373 | D:11     | Noticed a hill giant
  7381 | D:11     | Killed a hill giant
  7446 | D:11     | Found a blossoming altar of Fedhas.
  7455 | D:11     | Noticed a hill giant
  7461 | D:11     | Killed a hill giant
  7522 | D:11     | Found a staircase to the Orcish Mines.
  7523 | D:11     | Noticed Snorg
  7533 | D:11     | Reached XP level 12. HP: 93/110 MP: 11/11
  7542 | D:11     | Killed Snorg
  7893 | D:12     | Reached skill level 15 in Axes
  7905 | D:12     | Gained mutation: You cannot be stealthy. [Ru sacrifice]
  7905 | D:12     | Reached **** piety under Ru
  8123 | D:12     | Noticed Kirke
  8139 | D:12     | Killed Kirke
  8960 | D:13     | Noticed an ogre mage
  8967 | D:13     | Cast into level 2 of the Abyss (an ogre mage)
  8986 | Abyss:2  | Noticed a tentacled starspawn
  9034 | Abyss:2  | HP: 4/112 [something/nerve-wracking pain (2)]
  9039 | Abyss:2  | Annihilated by a tentacled starspawn

Skill      XL: |  1  2  3  4  5  6  7  8  9 10 11 12 |
---------------+-------------------------------------+-----
Axes           | 3 4 5 6 7 9 11 12 14 15 | 15.9
Shields        | 4 5 6 7 8 9 11 12 | 12.0
Fighting       | 4 5 6 7 8 9 11 12 | 12.1
Armour         | 4 5 6 8 9 10 12 | 12.0

Action                   |  1- 3 |  4- 6 |  7- 9 | 10-12 || total
-------------------------+-------+-------+-------+-------++-------
Melee: War axe           |    62 |   105 |   346 |   402 ||   915
       Headbutt          |     9 |    14 |    88 |   178 ||   289
       Hand axe          |       |       |       |   250 ||   250
       Flail             |       |       |       |    68 ||    68
Invok: Sacrifice Love    |       |       |     1 |       ||     1
       Sacrifice Arcana  |       |       |     1 |       ||     1
       Draw Out Power    |       |       |       |     2 ||     2
       Sacrifice Drink   |       |       |       |     1 ||     1
       Sacrifice Stealth |       |       |       |     1 ||     1
 Stab: Distracted        |       |       |     1 |       ||     1
       Invisible         |       |       |       |     2 ||     2
  Eat: Chunk             |       |     3 |    15 |    18 ||    36
       Royal jelly       |       |       |       |     1 ||     1
Armor: Plate armour      |    31 |    51 |   152 |   259 ||   493
       Scale mail        |     5 |       |       |       ||     5
Dodge: Dodged            |    16 |    18 |    69 |   108 ||   211
Block: Shield            |    32 |    52 |   209 |   443 ||   736
